 Dungeon Crawl Stone Soup version 0.30.1-1-g62c8e00024 (webtiles) character file.

Game seed: 12602959855375984995

8102 Norrock the Prestidigitator (level 11, -18/83 HPs)
             Began as a Gnoll Artificer on July 15, 2023.
             Was a High Priest of Okawaru.
             Killed from afar by Maggie (30 damage)
             ... with a bolt of fire
             ... on level 1 of the Lair of Beasts.
             The game lasted 01:17:07 (9396 turns).

Norrock the Prestidigitator (Gnoll Artificer)       Turns: 9396, Time: 01:17:08

Health: -18/83     AC: 10    Str: 16    XL:     11   Next: 25%
Magic:  16/20      EV: 19    Int: 10    God:    Okawaru [*****.]
Gold:   560        SH:  0    Dex: 13    Spells: 16/22 levels left

rFire   . . .        t - +9 staff of Olgreb {rPois∞}
rCold   + . .        (no shield)
rNeg    . . .        B - +0 steam dragon scales
rPois   ∞            r - +0 helmet
rElec   .            l - +1 cloak
rCorr   .            (no gloves)
SInv    .            (no boots)
Will    .....        (no amulet)
Stlth   +++          b - +5 ring of evasion
HPRegen 0.33/turn    w - ring of protection from cold
MPRegen 0.17/turn

%: no passive effects
@: no status effects
A: fangs 1, strong nose, distributed training
a: Renounce Religion, Evoke the Staff of Olgreb, Heroism, Finesse, Duel


You were on level 1 of the Lair of Beasts.
You worshipped Okawaru.
Okawaru was extremely pleased with you.
You visited 2 branches of the dungeon, and saw 10 of its levels.

You collected 560 gold pieces.

Inventory:

Hand Weapons
 a - a +0 club
 h - a +0 rapier
 j - a +0 hand axe
 n - a +2 dagger of speed
 q - a +0 mace of chaos
 t - the +9 staff of Olgreb (weapon) {rPois∞}
   (You acquired it on level 6 of the Dungeon)

   It enhances your poison magic.
   It grants immunity to poison.
   It can be activated via the 'a'bility menu to radiate toxic energy, with
   effectiveness depending on Evocations skill.
Missiles
 s - 34 poisoned darts
 z - 2 javelins
Armour
 l - a +1 cloak (worn)
 r - a +0 helmet (worn)
 x - a +1 chain mail
 B - +0 steam dragon scales (worn)
 G - the +1 robe of the Peasants {rF+ rN+ Dex-4 SInv}
   (Okawaru gifted it to you on level 9 of the Dungeon)

   Dex:       It affects your dexterity (-4).
   rF:        It protects you from fire.
   rN:        It protects you from negative energy.
   SInv:      It lets you see invisible.
Jewellery
 b - a +5 ring of evasion (left hand)
 w - a ring of protection from cold (right hand)
 D - a ring of flight
 L - a ring of protection from cold
Wands
 c - a wand of flame (1) (quivered)
 d - a wand of charming (16)
 e - a wand of iceblast (2)
 g - a wand of light (7)
 p - a wand of digging (7)
 F - a wand of mindburst (16)
Scrolls
 m - 3 scrolls of teleportation
 o - a scroll of blinking
 v - a scroll of fog
 E - a scroll of fear
 H - a scroll of poison
 I - a scroll of amnesia
Potions
 f - a potion of might
 i - a potion of lignification
 k - a potion of resistance
 u - a potion of haste
 A - a potion of flight
 C - a potion of magic
 J - a potion of curing
 K - a potion of heal wounds
 M - a potion of mutation


   Skills:
 + Level 6.9 Fighting
 + Level 6.3 Short Blades
 + Level 6.3 Long Blades
 + Level 6.3 Axes
 + Level 6.3 Maces & Flails
 + Level 6.3 Polearms
 + Level 6.3 Staves
 + Level 6.3 Ranged Weapons
 + Level 6.3 Throwing
 + Level 7.9 Armour
 + Level 6.9 Dodging
 + Level 6.8 Stealth
 + Level 6.3 Shields
 + Level 6.3 Unarmed Combat
 + Level 6.3 Spellcasting
 + Level 5.2 Conjurations
 + Level 5.2 Hexes
 + Level 5.2 Summonings
 + Level 5.2 Necromancy
 + Level 5.2 Translocations
 + Level 5.2 Transmutations
 + Level 5.2 Fire Magic
 + Level 5.2 Ice Magic
 + Level 5.2 Air Magic
 + Level 5.2 Earth Magic
 + Level 5.2 Poison Magic
 + Level 7.0 Invocations
 + Level 9.2 Evocations


You had 16 spell levels left.
You knew the following spells:

 Your Spells              Type           Power      Damage    Failure   Level
a - Teleport Other        Tloc           13%        N/A       7%          3
b - Gell's Gravitas       Tloc           13%        N/A       7%          3

Your spell library contained the following spells:

 Spells                   Type           Power      Damage    Failure   Level
 Beastly Appendage        Tmut           26%        N/A       2%          1
 Magic Dart               Conj           52%        1d5       2%          1
 Ensorcelled Hibernation  Hex/Ice        26%        N/A       3%          2
 Lesser Beckoning         Tloc           26%        N/A       3%          2
 Passwall                 Tmut/Erth      10%        N/A       3%          2
 Scorch                   Fire           26%        2d6       3%          2
 Wereblood                Tmut           13%        N/A       3%          2
 Inner Flame              Hex/Fire       13%        N/A       7%          3
 Mephitic Cloud           Conj/Pois/Air  20%        N/A       7%          3
 Spider Form              Tmut/Pois      20%        N/A       7%          3
 Swiftness                Air            13%        N/A       7%          3
 Petrify                  Tmut/Erth      13%        N/A       22%         4
 Borgnjor's Vile Clutch   Necr/Erth      6%         N/A       54%         5
 Call Imp                 Summ           Unusable   N/A       N/A         2
 Animate Armour           Summ/Erth      Unusable   N/A       N/A         4

Dungeon Overview and Level Annotations

Branches:
Dungeon (9/15)             Temple (0/1) D:7            Lair (1/5) D:9
    Orc: D:9-12

Altars:
Gozag
Okawaru
Ru
Wu Jian

Annotations:
Lair:1 Maggie


Innate Abilities, Weirdness & Mutations

You have very sharp teeth.
Your uncanny sense of smell can sniff out nearby items.
Your experience applies equally to all skills.


Message History

The cane toad barely misses you.
You thump the cane toad!
You envenom the cane toad!
The cane toad looks even sicker.
You punch the cane toad.
The cane toad is heavily wounded.
Your toxic aura wanes.
The cane toad completely misses you.
You thump the cane toad!
You envenom the cane toad!
The cane toad looks even sicker.
The cane toad is almost dead.
The cane toad closely misses you.
You hit the cane toad.
You envenom the cane toad.
You kill the cane toad!
Okawaru accepts your kill.
You kill the wolf!
Okawaru accepts your kill.
Your Invocations skill increases to level 7!
You close the door, pushing everything out of the way.
Maggie opens the door.
Maggie looks more healthy.
Maggie misses you.
There is an open door, spattered with blood here.
You closely miss Maggie.
Maggie is heavily wounded.
Maggie hits you with a +0 war axe!
* * * LOW HITPOINT WARNING * * *
You barely miss Maggie.
Maggie is heavily wounded.
Maggie closely misses you.
You hit Maggie.
You envenom Maggie.
Maggie is poisoned.
Maggie is severely wounded.
Maggie misses you.
You hit Maggie.
You envenom Maggie.
Maggie looks even sicker.
Maggie is severely wounded.
Maggie says, "Did Master Lance send you?"
Maggie hits you with a +0 war axe!
* * * LOW HITPOINT WARNING * * *
You hit Maggie. You bite Maggie, but do no damage.
Maggie is almost dead.
Maggie casts a spell at you. The bolt of fire hits you!!
You die...

.## ####.##.....$.@...# ..#####
#.....##.#..Fh...##.
....#.###..........#.##......
..+....##.......#.......##...#
..##....#.......##.†...#.....#
..#..##..........##..##......#
..#................#........ #
.>.(...........†@.##........
....(((...######@####...####
.....P....# ##..# #....
.#...(....# ###...# #.P#.
.#.......####P#..## ###
.##.(...## #....## ### ##
####.#### #.#### #.###.##+P##
..#### ###'## #..........#
..+.######....##### #.........+.
.........+....'...###...........


You could see Maggie (very poisoned).

Vanquished Creatures
  Maurice (D:8)
  A cane toad (Lair:1)
  A black mamba (Lair:1)
  Psyche (D:8)
  A komodo dragon (D:9)
  2 trolls (D:9)
  Sigmund (D:6)
  Eustachio (D:5)
  A wyvern (D:7)
  6 yaks
  2 steam dragons
  Menkaure (D:5)
  A water moccasin (Lair:1)
  2 orc warriors
  2 ice beasts
  A black bear (D:5)
  2 sky beasts
  5 wolves (Lair:1)
  2 centaurs
  An ogre (D:5)
  2 phantoms
  4 bullfrogs
  A gnoll sergeant (D:9)
  4 scorpions
  11 wights
  10 killer bees (D:9)
  3 howler monkeys
  8 crimson imps (D:8)
  5 jellies
  6 orc priests
  2 gnoll boudas (D:7)
  4 hounds
  2 sleepcaps
  Terence (D:2)
  2 iguanas
  7 orc wizards
  Robin (D:2)
  10 gnolls
  9 adders
  2 shadow imps
  A white imp (D:8)
  2 ufetubi
  A worm (D:2)
  A dart slug (D:5)
  32 orcs
  9 endoplasms
  3 giant cockroaches (D:4)
  12 goblins
  7 hobgoblins (D:2)
  5 quokkas
  6 ball pythons
  2 bats
  9 kobolds
  2 rats
221 creatures vanquished.

Notes
Turn   | Place    | Note
-------+----------+-------------------------------------------
     0 | D:1      | Norrock the Gnoll Artificer began the quest for the Orb.
     0 | D:1      | Reached XP level 1. HP: 17/17 MP: 1/1
   150 | D:1      | Got the Elucidation of Pathos
   379 | D:1      | Found a faded altar of an unknown god.
   390 | D:1      | Prayed at the altar of an unknown god.
   390 | D:1      | Became a worshipper of Warmaster Okawaru
   390 | D:1      | Reached * piety under Okawaru
   563 | D:1      | Reached XP level 2. HP: 23/23 MP: 2/2
  1091 | D:2      | Noticed Terence
  1106 | D:2      | Killed Terence
  1107 | D:2      | Reached skill level 1 in Invocations
  1107 | D:2      | Reached XP level 3. HP: 28/28 MP: 2/4
  1112 | D:2      | Reached skill level 1 in Short Blades
  1112 | D:2      | Reached skill level 1 in Long Blades
  1112 | D:2      | Reached skill level 1 in Axes
  1112 | D:2      | Reached skill level 1 in Maces & Flails
  1112 | D:2      | Reached skill level 1 in Polearms
  1112 | D:2      | Reached skill level 1 in Staves
  1112 | D:2      | Reached skill level 1 in Ranged Weapons
  1112 | D:2      | Reached skill level 1 in Throwing
  1112 | D:2      | Reached skill level 1 in Shields
  1112 | D:2      | Reached skill level 1 in Unarmed Combat
  1112 | D:2      | Reached skill level 1 in Spellcasting
  1113 | D:2      | Noticed Robin
  1119 | D:2      | Killed Robin
  1120 | D:2      | Reached XP level 4. HP: 34/34 MP: 3/5
  1216 | D:2      | Reached skill level 1 in Conjurations
  1216 | D:2      | Reached skill level 1 in Hexes
  1216 | D:2      | Reached skill level 1 in Summonings
  1216 | D:2      | Reached skill level 1 in Necromancy
  1216 | D:2      | Reached skill level 1 in Translocations
  1216 | D:2      | Reached skill level 1 in Transmutations
  1216 | D:2      | Reached skill level 1 in Fire Magic
  1216 | D:2      | Reached skill level 1 in Ice Magic
  1216 | D:2      | Reached skill level 1 in Air Magic
  1216 | D:2      | Reached skill level 1 in Earth Magic
  1216 | D:2      | Reached skill level 1 in Poison Magic
  1277 | D:2      | You fall into a shaft and drop 2 floors!
  1389 | D:4      | Reached ** piety under Okawaru
  1390 | D:4      | Reached XP level 5. HP: 17/41 MP: 5/7
  2828 | D:4      | Reached XP level 6. HP: 47/47 MP: 8/8
  3007 | D:4      | Reached skill level 5 in Armour
  3091 | D:4      | Found a sacrificial altar of Ru.
  3092 | D:4      | Found an ornate altar of the Wu Jian Council.
  3368 | D:5      | Entered Level 5 of the Dungeon
  3398 | D:5      | Noticed an ice beast
  3407 | D:5      | Killed an ice beast
  3408 | D:5      | Reached skill level 7 in Evocations
  3408 | D:5      | Reached XP level 7. HP: 37/52 MP: 10/10
  3563 | D:5      | Noticed Menkaure
  3567 | D:5      | Killed Menkaure
  3567 | D:5      | Reached *** piety under Okawaru
  3619 | D:5      | Noticed Eustachio
  3816 | D:5      | Killed Eustachio
  3817 | D:5      | Reached XP level 8. HP: 22/60 MP: 12/12
  4024 | D:5      | HP: 2/60 [ogre/+0 giant spiked club (16)]
  4514 | D:5      | Reached **** piety under Okawaru
  5140 | D:6      | Noticed Sigmund
  5145 | D:6      | Killed Sigmund
  5294 | D:6      | Identified a scroll of acquirement
  5294 | D:6      | Acquired the +9 staff of Olgreb {rPois∞}
  5294 | D:6      | Found the +9 staff of Olgreb {rPois∞}
  5324 | D:6      | Reached XP level 9. HP: 66/67 MP: 14/14
  5489 | D:6      | Found an opulent altar of Gozag.
  5859 | D:7      | Reached skill level 5 in Fighting
  5859 | D:7      | Reached skill level 5 in Dodging
  6113 | D:7      | Reached skill level 5 in Stealth
  6113 | D:7      | Reached ***** piety under Okawaru
  6144 | D:7      | Identified the staff of poison "Weuho" {Contam rPois rC+
                  | MP+9}
  6188 | D:7      | Reached skill level 8 in Evocations
  6352 | D:7      | Reached skill level 5 in Invocations
  6396 | D:7      | Learned a level 3 spell: Teleport Other
  6400 | D:7      | Learned a level 3 spell: Gell's Gravitas
  6946 | D:7      | Found a staircase to the Ecumenical Temple.
  7121 | D:8      | Noticed Psyche
  7126 | D:8      | Killed Psyche
  7127 | D:8      | Reached skill level 5 in Short Blades
  7127 | D:8      | Reached skill level 5 in Long Blades
  7127 | D:8      | Reached skill level 5 in Axes
  7127 | D:8      | Reached skill level 5 in Maces & Flails
  7127 | D:8      | Reached skill level 5 in Polearms
  7127 | D:8      | Reached skill level 5 in Staves
  7127 | D:8      | Reached skill level 5 in Ranged Weapons
  7127 | D:8      | Reached skill level 5 in Throwing
  7127 | D:8      | Reached skill level 5 in Shields
  7127 | D:8      | Reached skill level 5 in Unarmed Combat
  7127 | D:8      | Reached skill level 5 in Spellcasting
  7127 | D:8      | Reached XP level 10. HP: 76/76 MP: 17/17
  7193 | D:8      | Identified the +2 trident "Iblo" {flame, rN+ Str+2}
                  | (Okawaru gifted it to you on level 8 of the Dungeon)
  7193 | D:8      | Received a gift from Okawaru
  7559 | D:8      | Noticed Maurice
  7591 | D:8      | Killed Maurice
  8396 | D:9      | Identified the +1 robe of the Peasants {rF+ rN+ Dex-4 SInv}
                  | (Okawaru gifted it to you on level 9 of the Dungeon)
  8396 | D:9      | Received a gift from Okawaru
  8724 | D:9      | Reached skill level 9 in Evocations
  8877 | D:9      | Reached skill level 5 in Conjurations
  8877 | D:9      | Reached skill level 5 in Hexes
  8877 | D:9      | Reached skill level 5 in Summonings
  8877 | D:9      | Reached skill level 5 in Necromancy
  8877 | D:9      | Reached skill level 5 in Translocations
  8877 | D:9      | Reached skill level 5 in Transmutations
  8877 | D:9      | Reached skill level 5 in Fire Magic
  8877 | D:9      | Reached skill level 5 in Ice Magic
  8877 | D:9      | Reached skill level 5 in Air Magic
  8877 | D:9      | Reached skill level 5 in Earth Magic
  8877 | D:9      | Reached skill level 5 in Poison Magic
  8878 | D:9      | Reached XP level 11. HP: 83/83 MP: 20/20
  9090 | D:9      | Found a staircase to the Lair.
  9174 | Lair:1   | Entered Level 1 of the Lair of Beasts
  9369 | Lair:1   | Noticed Maggie
  9396 | Lair:1   | Killed from afar by Maggie

Illustrated notes

Levels and vault maps discovered:
D:1:      giann_forest_graveyard, layout_basic,
          dilly_ecumenical_altar_fadedgnrine, dk_noncrumbling_2
D:2:      layout_basic, uniq_robin, uniq_terence
D:3:      layout_loops_corners, corexii_leaking_fountain
D:4:      layout_rooms, mainiacjoe_overflow_divided_tiny,
          minmay_increasing_density
D:5:      layout_loops_cross, hangedman_decor_clover_reticule, st_stairs_4,
          grunt_decor_arrowhead, uniq_menkaure, uniq_eustachio
D:6:      layout_gridville, mainiacjoe_overflow_six_doors_small,
          minmay_misc_feat_plants, uniq_sigmund
D:7:      layout_loops_corners, temple_green, serial_bayou_pond_b,
          kennysheep_another_room
D:8:      layout_basic, serial_rivers, chequers_serial_rivers_marsh,
          chequers_serial_rivers_small_b, chequers_serial_rivers_micro_a,
          chequers_serial_rivers_micro_d, chequers_serial_rivers_micro_c,
          minmay_nine_imps, uniq_maurice, uniq_psyche
D:9:      layout_long_grid, david_lair_shrubbed
Lair:1:   layout_roguey, grunt_megastairs_2, lemuel_fruit_tree, uniq_gastronok,
          uniq_maggie

Skill      XL: |  1  2  3  4  5  6  7  8  9 10 11 |
---------------+----------------------------------+-----
Invocations    | 1 2 3 4 5 6 7 |  7.0
Short Blades   | 1 2 3 5 6 |  6.3
Long Blades    | 1 2 3 5 6 |  6.3
Axes           | 1 2 3 5 6 |  6.3
Maces & Flails | 1 2 3 5 6 |  6.3
Polearms       | 1 2 3 5 6 |  6.3
Staves         | 1 2 3 5 6 |  6.3
Ranged Weapons | 1 2 3 5 6 |  6.3
Throwing       | 1 2 3 5 6 |  6.3
Shields        | 1 2 3 5 6 |  6.3
Unarmed Combat | 1 2 3 5 6 |  6.3
Spellcasting   | 1 2 3 5 6 |  6.3
Conjurations   | 1 2 3 4 5 |  5.2
Hexes          | 1 2 3 4 5 |  5.2
Summonings     | 1 2 3 4 5 |  5.2
Necromancy     | 1 2 3 4 5 |  5.2
Translocations | 1 2 3 4 5 |  5.2
Transmutations | 1 2 3 4 5 |  5.2
Fire Magic     | 1 2 3 4 5 |  5.2
Ice Magic      | 1 2 3 4 5 |  5.2
Air Magic      | 1 2 3 4 5 |  5.2
Earth Magic    | 1 2 3 4 5 |  5.2
Poison Magic   | 1 2 3 4 5 |  5.2
Fighting       | 3 4 5 6 |  6.9
Dodging        | 3 4 5 6 |  6.9
Stealth        | 3 4 5 6 |  6.8
Armour         | 5 6 7 |  7.9
Evocations     | 7 8 9 |  9.2

Action                     |  1- 3 |  4- 6 |  7- 9 | 10-12 || total
---------------------------+-------+-------+-------+-------++-------
  Melee: Dagger            |    29 |    16 |    97 |       ||   142
         Bite              |     3 |    14 |    54 |    21 ||    92
         Punch             |     1 |     2 |     9 |     6 ||    18
         Mace              |       |   153 |    43 |       ||   196
         Rapier            |       |       |   100 |       ||   100
         Staff             |       |       |    99 |   178 ||   277
  Throw: Javelin           |    31 |    10 |     3 |     2 ||    46
         Dart              |       |    16 |    12 |       ||    28
         Boomerang         |       |       |     1 |       ||     1
Ability: Evoke the Staff o |       |       |     4 |    10 ||    14
  Evoke: Wand              |     3 |     5 |     8 |     3 ||    19
    Use: Scroll            |     1 |    12 |     7 |     5 ||    25
         Potion            |     1 |       |     3 |     5 ||     9
   Stab: Paralysed         |       |     3 |       |       ||     3
         Invisible         |       |       |     1 |       ||     1
         Sleeping          |       |       |       |     2 ||     2
 Armour: Ring mail         |     4 |    25 |       |       ||    29
         Chain mail        |       |    71 |   146 |       ||   217
         Steam dragon scal |       |       |     4 |    42 ||    46
  Dodge: Dodged            |    13 |    87 |   273 |   194 ||   567
